 Dungeon Crawl Stone Soup version 0.30.0-21-gd299b56b3f (webtiles) character file.

Game seed: 10411471158924518331

382 qw the Chopper (level 6, -8/38 HPs)
             Began as a Gargoyle Fighter on June 2, 2023.
             Killed from afar by Pikel (10 damage)
             ... with a puff of flame
             ... on level 4 of the Dungeon.
             The game lasted 00:01:31 (2037 turns).

qw the Chopper (Gargoyle Fighter)                   Turns: 2037, Time: 00:01:32

Health: -8/38      AC: 14    Str: 21    XL:     6   Next: 76%
Magic:  6/6        EV:  8    Int:  9    God:
Gold:   208        SH:  8    Dex:  9    Spells: 5/5 levels left

rFire   . . .        Y - +0 war axe (freeze)
rCold   . . .        n - +0 kite shield
rNeg    + . .        b - +0 scale mail
rPois   inf          (no helmet)
rElec   +            (no cloak)
rCorr   .            (no gloves)
SInv    .            g - +2 pair of boots
Will    .....        (no amulet) Stlth
                     (no ring)
HPRegen 0.26/turn    (no ring)
MPRegen 0.10/turn

%: no passive effects
@: no status effects
A: sickness immunity, AC +4, negative energy resistance 1, electricity
resistance, torment resistance 1, petrification resistance
a: no special abilities


You were on level 4 of the Dungeon.
You visited 1 branch of the dungeon, and saw 4 of its levels.

You collected 208 gold pieces.


Innate Abilities, Weirdness & Mutations

You are immune to sickness and miasma.
Your stone body is resilient. (AC +4)
You are immune to poison.
You resist negative energy. (rN+)
You are resistant to electric shocks. (rElec)
You are resistant to unholy torment.
You are immune to petrification.


   Skills:
 + Level 3.9 Fighting
 - Level 5.2 Axes
 - Level 3.2 Armour
 - Level 5.0 Shields


You had 5 spell levels left.
You didn't know any spells.
Your spell library was empty.

Inventory:

Hand Weapons
 m - a +0 mace
 Y - a +0 war axe of freezing (weapon)
Missiles
 w - 2 boomerangs (quivered)
Armour
 b - a +0 scale mail (worn)
 c - a +0 helmet
 g - a +2 pair of boots (worn)
 n - a +0 kite shield (worn)
 v - a +0 chain mail
Jewellery
 q - a +4 ring of slaying {mikee}
Scrolls
 e - 3 scrolls of enchant armour
 l - 2 scrolls of identify
 p - a scroll of noise {unknown}
 s - a scroll of fog {unknown}
 t - a scroll of vulnerability {unknown}
 u - a scroll of enchant weapon {unknown}
Potions
 a - a potion of attraction
 d - a potion of might
 f - a potion of resistance
 h - a potion of haste
 i - a potion of lignification {unknown}
 j - a potion of degeneration {unknown}
 k - a potion of heal wounds {unknown}
 o - a potion of berserk rage {unknown}
 r - 2 potions of mutation {unknown}

Dungeon Overview and Level Annotations

Branches:
Dungeon (4/15)
 Temple: D:4-7

Altars:
Gozag

Shops:
D:3 *

Annotations:
D:4 Pikel


Message History

The puff of flame hits you but does no damage.
You barely miss Pikel.
Pikel is lightly wounded.
Pikel hits you with a +0 whip of freezing.
Pikel freezes you.
You hit Pikel. You freeze Pikel.
Pikel is moderately wounded.
Pikel zaps a wand.
You block the puff of flame.
Pikel hits you with a +0 whip of freezing!
Pikel freezes you.
You slash Pikel! You freeze Pikel.
Pikel is heavily wounded.
You closely miss the orc. Pikel hits you but does no damage.
You block the orc's attack.
You closely miss Pikel.
Pikel is heavily wounded.
You barely miss the orc.
Pikel says, "You'll make a fine lemure."
Pikel hits you with a +0 whip of freezing!
Pikel freezes you. The orc hits you but does no damage.
You barely miss Pikel.
Pikel is heavily wounded.
You slash the orc! You freeze the orc.
You kill the orc!
Pikel zaps a wand.
The puff of flame hits you but does no damage.
You block Pikel's attack.
You barely miss Pikel.
Pikel is heavily wounded.
Pikel zaps a wand.
The puff of flame hits you.
You hit Pikel. You freeze Pikel.
Pikel is severely wounded.
Pikel hits you with a +0 whip of freezing.
Pikel freezes you.
Pikel hits you with a +0 whip of freezing.
Pikel freezes you.
You hit Pikel. You freeze Pikel.
Pikel is almost dead.
Pikel zaps a wand.
The puff of flame hits you!
You die...

..####.......#
#....#.# .....#
.#....#
#......#
.....##.#.....
#......#
........#...#
#......#
#..#.#......#
#......# #..#
.. ######.##
#..#
..##.###.###..#
#..#
......)#.##.)##
...###
.#..K@..).##
.....#
......##..####
...#.# #
..$#.........#
.....#.#
.......#.###.#
..%..#.#
......#.# #
#......+ ......
#.. #.#.)..#
...... #..
#....### ....
+.. #..%## #...
#..#


You could see Pikel.

Vanquished Creatures
  Duvessa (D:4)
  A phantom (D:4)
  4 lemures (D:4)
  Dowan (D:4)
  Robin (D:4)
  6 adders
  3 worms
  2 dart slugs
  4 orcs (D:4)
  7 ball pythons
  3 endoplasms
  2 giant cockroaches
  11 goblins
  11 hobgoblins
  2 jackals (D:4)
  3 quokkas
  6 bats
  7 frilled lizards
  7 kobolds
  5 rats
87 creatures vanquished.

Notes
Turn   | Place    | Note
-------+----------+-------------------------------------------
     0 | D:1      | qw the Gargoyle Fighter began the quest for the Orb.
     0 | D:1      | Reached XP level 1. HP: 14/14 MP: 1/1
     0 | D:1      | 0 ||| qw: Version: 0.2-a-102-gdf20003
     0 | D:1      | 0 ||| qw: Game counter: 839
     0 | D:1      | 0 ||| qw: Always use a shield: true
     0 | D:1      | 0 ||| qw: God list: Okawaru
     0 | D:1      | 0 ||| qw: Allow faded altars: false
     0 | D:1      | 0 ||| qw: Do Orc after D:15 true
     0 | D:1      | 0 ||| qw: Do second Lair branch before Depths: true
     0 | D:1      | 0 ||| qw: Lair rune preference: random
     0 | D:1      | 0 ||| qw: Plans: Normal, Zot:1-4, Slime:5, God:TSO, Crypt,
                  | Tomb, Pan, Hells, Abyss, Win
     0 | D:1      | 0 ||| PLANNING D:1-11
    23 | D:1      | 23 ||| Stepping ~*~*~tactically~*~*~ (hiding).
    24 | D:1      | 24 ||| Stepping ~*~*~tactically~*~*~ (hiding).
    63 | D:1      | Reached XP level 2. HP: 19/19 MP: 2/2
   260 | D:1      | Reached skill level 3 in Axes
   266 | D:1      | 266 ||| READING scroll labelled MIRHOTWU GUOMI.
   409 | D:1      | Reached XP level 3. HP: 22/23 MP: 3/3
   585 | D:1      | 585 ||| UPGRADING to +2 pair of boots.
   590 | D:1      | 590 ||| READING scroll labelled YMIDWUMUVO.
   594 | D:1      | 594 ||| READING 2 scrolls labelled DEETRO MYLL.
   709 | D:2      | 709 ||| Stepping ~*~*~tactically~*~*~ (stealth).
   721 | D:2      | 721 ||| Stepping ~*~*~tactically~*~*~ (stealth).
   767 | D:2      | Reached XP level 4. HP: 28/28 MP: 4/4
   767 | D:2      | 767 ||| DROPPING +0 club.
  1050 | D:2      | 1050 ||| READING 4 scrolls labelled XATTUFOSYEST.
  1051 | D:2      | 1051 ||| READING scroll labelled IZAEREO FEMAIXALL.
  1052 | D:2      | 1052 ||| READING scroll labelled SAW ICSOAD.
  1053 | D:2      | 1053 ||| READING 3 scrolls of identify.
  1053 | D:2      | 1053 ||| IDENTIFYING murky sapphire potion
  1054 | D:2      | 1054 ||| READING 2 scrolls of identify.
  1054 | D:2      | 1054 ||| IDENTIFYING smoky amethyst potion
  1055 | D:2      | 1055 ||| DROPPING potion of magic.
  1089 | D:3      | 1089 ||| Stepping ~*~*~tactically~*~*~ (stealth).
  1232 | D:3      | 1232 ||| Stepping ~*~*~tactically~*~*~ (stealth).
  1242 | D:3      | Found Veitsote's General Store.
  1524 | D:3      | 1524 ||| UPGRADING to +0 kite shield.
  1534 | D:3      | 1534 ||| DROPPING +0 buckler.
  1535 | D:3      | 1535 ||| READING scroll labelled VUQUMUM YPIEG.
  1536 | D:3      | 1536 ||| READING scroll labelled DATA TUHIL.
  1537 | D:3      | 1537 ||| READING 2 scrolls of identify.
  1537 | D:3      | 1537 ||| IDENTIFYING silvery potion
  1573 | D:4      | Reached XP level 5. HP: 32/32 MP: 5/5
  1586 | D:4      | 1586 ||| Stepping ~*~*~tactically~*~*~ (stealth).
  1587 | D:4      | 1587 ||| Stepping ~*~*~tactically~*~*~ (stealth).
  1601 | D:4      | Noticed a phantom
  1613 | D:4      | Killed a phantom
  1653 | D:4      | 1653 ||| Stepping ~*~*~tactically~*~*~ (stealth).
  1657 | D:4      | Noticed Robin
  1666 | D:4      | Killed Robin
  1726 | D:4      | Reached XP level 6. HP: 34/37 MP: 6/6
  1753 | D:4      | Noticed Duvessa
  1753 | D:4      | Noticed Dowan
  1754 | D:4      | 1754 ||| Stepping ~*~*~tactically~*~*~ (stealth).
  1755 | D:4      | 1755 ||| Stepping ~*~*~tactically~*~*~ (stealth).
  1756 | D:4      | 1756 ||| Stepping ~*~*~tactically~*~*~ (stealth).
  1762 | D:4      | Killed Duvessa
  1766 | D:4      | Killed Dowan
  1799 | D:4      | Found an opulent altar of Gozag.
  1873 | D:4      | HP: 9/38 [lemure[Pikel] (2)]
  1884 | D:4      | Noticed Pikel
  1885 | D:4      | 1885 ||| Stepping ~*~*~tactically~*~*~ (stealth).
  2003 | D:4      | 2003 ||| Stepping ~*~*~tactically~*~*~ (stealth).
  2022 | D:4      | 2022 ||| Stepping ~*~*~tactically~*~*~ (stealth).
  2024 | D:4      | 2024 ||| Stepping ~*~*~tactically~*~*~ (hiding).
  2026 | D:4      | 2026 ||| Stepping ~*~*~tactically~*~*~ (hiding).
  2036 | D:4      | HP: 6/38 [Pikel/+0 whip of freezing (6)]
  2036 | D:4      | HP: 2/38 [Pikel/+0 whip of freezing (1)]
  2037 | D:4      | Killed from afar by Pikel

Levels and vault maps discovered:
D:1:      dpeg_arrival_fog, layout_basic, serial_glass, glass_columns_c,
          glass_columns_a, nicolae_wormholes
D:2:      layout_basic
D:3:      layout_basic, serial_shops, shop, item_on_display_a
D:4:      layout_basic, nicolae_overflow_hidden_temple,
          nicolae_gozag_cash_rules_everything_around_me, uniq_duvessa,
          uniq_pikel, uniq_robin

Skill      XL: |  1  2  3  4  5  6 |
---------------+-------------------+-----
Axes           | 2 3 4 5 |  5.2
Shields        | 5 |  5.0
Fighting       | |  3.9
Armour         | |  3.2

Action                     |  1- 3 |  4- 6 || total
---------------------------+-------+-------++-------
  Melee: War axe           |   112 |   148 ||   260
    Use: Scroll            |     3 |     8 ||    11
 Armour: Scale mail        |    48 |    76 ||   124
  Dodge: Dodged            |    54 |    60 ||   114
  Block: Buckler           |    20 |     6 ||    26
         Kite shield       |       |    41 ||    41

Table legend:
 A = Non-vault XP
 B = Vault XP
 C = Vault XP percentage of total XP
 D = Non-vault monster count
 E = Vault monster count
 F = Vault count percentage of total count
                 A         B        C        D         E       F
            +---------+---------+-------+---------+---------+-------
      Total |     287 |     260 |  47.5 |      67 |      16 |  19.3
            +---------+---------+-------+---------+---------+-------
        D:1 |      36 |      10 |  21.7 |      23 |       2 |   8.0
        D:2 |      88 |       0 |   0.0 |      24 |       0 |   0.0
        D:3 |      26 |       0 |   0.0 |       8 |       0 |   0.0
        D:4 |     137 |     250 |  64.6 |      12 |      14 |  53.8
            +---------+---------+-------+---------+---------+-------
